 Dungeon Crawl Stone Soup version 0.19.4 (webtiles) character file.

3020 Gargoyl the Schismatic (level 9, -7/75 HPs)
             Began as a Ghoul Abyssal Knight on Jan 31, 2017.
             Was an Elder of Lugonu.
             Splashed by an orc's acid (11 damage)
             ... on level 8 of the Dungeon on Feb 1, 2017.
             The game lasted 00:18:31 (6855 turns).

Gargoyl the Schismatic (Ghoul Abyssal Knight)       Turns: 6855, Time: 00:18:31

Health: -7/75      AC: 14    Str: 20 (21) XL:     9   Next: 85%
Magic:  13/13      EV:  3    Int:  8 (9)  God:    Lugonu [****..]
Gold:   293        SH: 14    Dex: 11 (12) Spells: 0 memorised, 8 levels left

rFire  + . .     SeeInvis .     a - +2 hand axe
rCold  + . .     Gourm    .     r - +0 plate armour
rNeg   + + +     Faith    .     d - +0 large shield
rPois  ∞         Spirit   .     (no helmet)
rElec  .         Reflect  .     (no cloak)
rCorr  .         Harm     .     (no gloves)
MR     +....                    i - +0 pair of boots
Stlth  ..........               g - amulet of regeneration
                                l - ring of protection from fire
                                k - ring "Ofyemp" {MR+ Str+3 Int+2 Dex+3}

@: rotting
A: rotting body, claws 1, carnivore 3, cold resistance 1, negative energy
resistance 3, slow regeneration 1, torment resistance, unbreathing
a: Depart the Abyss, Bend Space, Banish, Corrupt, Renounce Religion


You were on level 8 of the Dungeon.
You worshipped Lugonu.
Lugonu was greatly pleased with you.
You were not hungry.

You visited 1 branch of the dungeon, and saw 8 of its levels.
You visited the Abyss 1 time.
You also visited: Sewer.

You collected 293 gold pieces.

Inventory:

Hand Weapons
 a - a +2 hand axe (weapon)
 t - a +0 blowgun
Missiles
 m - 2 javelins (quivered)
 s - 2 curare-tipped needles
Armour
 d - a +0 large shield (worn)
 i - a +0 pair of boots (worn)
 r - a +0 plate armour (worn)
Jewellery
 g - an amulet of regeneration (around neck)
 k - the ring "Ofyemp" (left claw) {MR+ Str+3 Int+2 Dex+3}
   (You found it on level 4 of the Dungeon)

   [ring of strength]

   It affects your strength (+3).
   It affects your intelligence (+2).
   It affects your dexterity (+3).
   It affects your resistance to hostile enchantments.
 l - a ring of protection from fire (right claw)
Scrolls
 b - 3 scrolls of amnesia
 f - a scroll of fog
 o - 2 scrolls of recharging
 p - 6 scrolls of teleportation
 q - a scroll of enchant weapon
 y - a scroll of remove curse
Potions
 h - 2 potions of curing
 j - 9 potions of flight
Comestibles
 c - 5 meat rations
 n - 7 chunks of flesh
 u - 2 beef jerkies
 v - a royal jelly


   Skills:
 + Level 5.7 Fighting
 + Level 6.1 Axes
 + Level 0.5 Throwing
 * Level 6.2 Armour
 + Level 2.6 Dodging
 + Level 4.8 Shields
 * Level 6.6 Invocations


You had 8 spell levels left.
You didn't know any spells.

Dungeon Overview and Level Annotations

Branches:
Dungeon (8/15)             Temple (0/1) D:4            Lair (0/6) D:8

Altars:
Fedhas
Kikubaaqudgha
Okawaru
Ru
Trog
Xom
Zin

Shops:
D:6 }


Innate Abilities, Weirdness & Mutations

Your body is rotting away.
You thrive on raw meat.
You are immune to poison.
You have sharp fingernails.
You are carnivorous and can eat meat at any time.
Your flesh is cold resistant. (rC+)
You are immune to negative energy. (rN+++)
You regenerate slowly when monsters are visible.
You are immune to unholy pain and torment.
You can survive without breathing.


Message History

You block the hound's attack. You block the orc's attack.
You block the orc priest's attack. The hound bites you but does no damage.
The orc hits you but does no damage. The orc priest hits you with a dagger.
* * * LOW HITPOINT WARNING * * *
You slash the orc priest!
The orc priest is heavily wounded.
You hit the hound.
Your shield prevents you from hitting the orc.
You block the hound's attack. x2
The orc priest hits you but does no damage.
The orc hits you but does no damage.
You hit the orc priest.
The orc priest is severely wounded.
You closely miss the orc. You closely miss the hound.
You block the hound's attack. You block the orc priest's attack.
The hound bites you but does no damage.
The orc zaps a wand.
The bolt of acid hits you!
* * * LOW HITPOINT WARNING * * *
You are splashed with acid!
The acid burns!
You die...

.#... .. ##...## ...
##.....## .....
....#.......##....#
....#....P..##....##
......P............#
.......o...........#
.......@>..........#
......oh...........+
........W)..†......#
....#.......#......#
... #.......###...##
## ##.....####.).###
####...## #......#
#.....#. #......#
#.....#.. #......#


You could see a phantom, a hound, an orc priest and an orc.

Vanquished Creatures
  A spriggan (D:7)
  Menkaure (D:7)
  2 wargs (D:8)
  Duvessa (D:7)
  A necrophage (D:5)
  2 sky beasts (D:7)
  2 centaurs
  4 ogres
  A big kobold (Sewer)
  3 bullfrogs (D:7)
  Dowan (D:7)
  2 scorpions
  3 howler monkeys
  A jelly (D:8)
  A centaur zombie (D:4)
  2 hounds
  4 orc priests
  A centaur skeleton (D:7)
  A bullfrog skeleton (D:4)
  2 iguanas
  Ijyb (D:3)
  5 orc wizards
  2 worker ants
  8 gnolls
  2 river rats
  12 adders
  An ooze (D:3)
  3 adder skeletons
  An adder zombie (D:8)
  5 worms
  7 dart slugs
  11 leopard geckos
  27 orcs
  7 bats
  10 giant cockroaches
  8 goblins
  8 hobgoblins
  13 jackals
  A ball python (D:2)
  3 frilled lizards
  10 kobolds
  A quokka zombie (D:5)
  6 rats
188 creatures vanquished.

Vanquished Creatures (others)
  An ogre (D:3)
  The ghost of luab the Grasshopper, an amateur NaWr (D:3)
  A human (D:7)
  A crimson imp (D:5)
  An orc wizard (D:5)
5 creatures vanquished.

Grand Total: 193 creatures vanquished

Notes
Turn   | Place    | Note
-------+----------+-------------------------------------------
     0 | Abyss:1  | Gargoyl the Ghoul Abyssal Knight began the quest for the Orb.
     0 | Abyss:1  | Reached XP level 1. HP: 19/19 MP: 1/1
    37 | Abyss:1  | Noticed a neqoxec
    77 | Abyss:1  | Noticed a thrashing horror
    79 | D:1      | Escaped the Abyss
   269 | D:1      | Reached skill level 1 in Dodging
   269 | D:1      | Reached XP level 2. HP: 25/26 MP: 2/2
   351 | D:1      | Reached * piety under Lugonu
   468 | D:1      | Reached XP level 3. HP: 33/33 MP: 3/3
  1170 | D:2      | Reached XP level 4. HP: 35/40 MP: 4/4
  1743 | D:3      | Noticed luab's ghost (amateur NaWr)
  1784 | D:3      | Reached skill level 1 in Shields
  1846 | D:4      | Noticed an ogre
  1848 | D:4      | Got a translucent golden ring
  1849 | D:4      | Identified the ring "Ofyemp" {MR+ Str+3 Int+2 Dex+3} (You found it on level 4 of the Dungeon)
  1857 | D:4      | Killed an ogre
  1857 | D:4      | Reached ** piety under Lugonu
  1857 | D:4      | Reached XP level 5. HP: 45/45 MP: 6/6
  1894 | D:4      | Reached XP level 6. HP: 13/52 MP: 7/7
  2042 | D:4      | Found a staircase to the Ecumenical Temple.
  2156 | D:4      | Found a sacrificial altar of Ru.
  2417 | D:4      | Reached XP level 7. HP: 57/60 MP: 8/8
  2457 | D:4      | Found a glowing drain.
  2461 | Sewer    | Entered a sewer
  2619 | Sewer    | Found a white marble altar of Elyvilon.
  2899 | D:4      | Reached *** piety under Lugonu
  2981 | D:4      | Found an iron altar of Okawaru.
  3162 | D:3      | Banished luab's ghost
  3249 | D:3      | Noticed Ijyb
  3274 | D:3      | Killed Ijyb
  3358 | D:3      | Found a blossoming altar of Fedhas.
  3509 | D:3      | Found a glowing silver altar of Zin.
  3645 | D:3      | Reached XP level 8. HP: 18/67 MP: 10/10
  3732 | D:3      | Found a faded altar of an unknown god.
  3732 | D:3      | Found a faded altar of an unknown god.
  3737 | D:3      | Found a faded altar of an unknown god.
  3739 | D:3      | Found a shimmering altar of Xom.
  3740 | D:3      | Found a faded altar of an unknown god.
  4271 | D:5      | Entered Level 5 of the Dungeon
  4602 | D:5      | Reached **** piety under Lugonu
  4650 | D:5      | Reached skill level 5 in Fighting
  4775 | D:5      | Reached skill level 5 in Invocations
  4998 | D:5      | Reached skill level 5 in Armour
  5513 | D:6      | Found a bloodstained altar of Trog.
  5548 | D:6      | Found Xeolliewa's Gadget Emporium.
  5689 | D:7      | Reached skill level 5 in Axes
  5689 | D:7      | Reached XP level 9. HP: 63/74 MP: 12/12
  5915 | D:7      | Found a shimmering altar of Xom.
  6076 | D:7      | Noticed Menkaure
  6078 | D:7      | Noticed Duvessa
  6080 | D:7      | Noticed Dowan
  6145 | D:7      | Killed Menkaure
  6182 | D:7      | Killed Duvessa
  6184 | D:7      | Killed Dowan
  6583 | D:7      | Found an ancient bone altar of Kikubaaqudgha.
  6815 | D:8      | Found a staircase to the Lair.
  6855 | D:8      | Splashed by an orc's acid

Skill      XL: |  1  2  3  4  5  6  7  8  9 |
---------------+----------------------------+-----
Dodging        | 1 2 |  2.6
Axes           | 2 3 4 5 6 |  6.1
Armour         | 2 3 5 6 |  6.2
Fighting       | 4 5 |  5.7
Shields        | 1 2 3 4 |  4.8
Invocations    | 3 4 5 6 |  6.6
Throwing       | |  0.5

Action                   |  1- 3 |  4- 6 |  7- 9 || total
-------------------------+-------+-------+-------++-------
Melee: Hand axe          |   115 |   203 |   671 ||   989
Throw: Tomahawk          |       |       |     4 ||     4
       Javelin           |       |       |     2 ||     2
Invok: Depart the Abyss  |     1 |       |       ||     1
       Banish            |       |       |     3 ||     3
       Bend Space        |       |       |     1 ||     1
  Use: Scroll            |     3 |     3 |    11 ||    17
       Potion            |       |     2 |    14 ||    16
  Eat: Chunk             |    17 |    28 |    56 ||   101
       Meat ration       |       |       |     1 ||     1
Armor: Leather armour    |    48 |    25 |       ||    73
       Scale mail        |       |    22 |    43 ||    65
       Chain mail        |       |       |   213 ||   213
       Plate armour      |       |       |    40 ||    40
Dodge: Dodged            |    41 |    56 |    98 ||   195
Block: Large shield      |    80 |   142 |   501 ||   723
